Flames vs Canucks

Created - March 17, 2024 at 11:36

Goals
1 2 3 OT1 T
Flames 1 0 1 1 3
Canucks 0 1 1 0 2
Shots
1 2 3 OT1 T
Flames 9 13 17 4 43
Canucks 5 5 9 2 21

GoalsPenalties
1st period
1. Flames , Jordan Staal 13 (Jordan Eberle 13, Jordan Kyrou 32) at 7:39
Alex Ovechkin (CGY) for Roughing (Minor) at 0:56
Josh Morrissey (CGY) for Unsportsmanlike conduct (Minor) at 11:34
2nd period
2. Canucks , Kevin Hayes 7 (Martin Necas 29, Samuel Girard 34) at 11:14 (SH)
Jacob Trouba (VAN) for Holding (Minor) at 3:42
Mitch Marner (VAN) for Roughing (Minor) at 10:15
3rd period
3. Canucks , Jason Zucker 8 (Boone Jenner 23, Morgan Rielly 23) at 8:10 (PP)
4. Flames , Lawson Crouse 24 (Alex DeBrincat 26, Esa Lindell 21) at 16:55
Dmitry Orlov (CGY) for Hooking (Minor) at 7:34
Jordan Spence (VAN) for Roughing (Minor) at 18:23
Overtime #1
5. Flames , Alex DeBrincat 17 (Jared Spurgeon 45, Sebastian Aho 36) at 4:50
No Penalty
Goalie Stats
Vitek Vanecek (CGY), 19 saves from 21 shots - (0.905), W, 27-17-3, 64:51 minutes
Jeremy Swayman (VAN), 40 saves from 43 shots - (0.930), OTL, 25-20-7, 64:51 minutes
3 StarsOfficial
1 - Alex DeBrincat (CGY)
2 - Lawson Crouse (CGY)
3 - Jordan Staal (CGY)
Referees : Chris Lee and Shaun Davis
Linesman : Jeff Walker and Julien Fournier
Game Note
No Game Note
Finance
Level 1 -- Attendance: 5780 (88.92%) -- Ticket Income $693,600
Level 2 -- Attendance: 5000 (100.00%) -- Ticket Income $425,000
Level 3 -- Attendance: 3205 (91.57%) -- Ticket Income $160,250
Level 4 -- Attendance: 2815 (96.74%) -- Ticket Income $98,525
Luxury Box -- Attendance: 874 (87.40%) -- Ticket Income $174,800
Game was played at the Rogers Arena.
Total Attendance: 17674 (93.46%)
Total Ticket Income: $1,552,175
Other Income: $388,044
Total Income: $1,940,219



Team Name Goals Shots Shots Attemp Shots Blocked PIM HIT PP PK FO%
Flames 34381156190 / 3 (0%)155%
Canucks 22155146211 / 3 (33%)045%

Flames
Player Name POS G A P +/- PIM HIT SHT SB MP PP MP PP SHT PK MP PK SHT FO% FOT
Adam LarssonD0001022123:362:3302:5000% 0
Alex DeBrincatRW1122004021:552:4100:000100% 2
Alex OvechkinLW000-1223124:072:5300:0000% 1
Dmitry OrlovD0001200016:242:3300:0000% 0
Erik GudbransonD0001001114:450:0002:1500% 0
Esa LindellD0111001118:480:0000:0000% 0
Jakub VranaLW000000103:510:0002:2900% 0
Jared SpurgeonD0110001324:583:0102:4300% 0
John TavaresC0000012020:122:4100:00043% 7
Jordan EberleRW0111012013:240:0000:0000% 0
Jordan KyrouC0111002014:140:0000:000100% 2
Jordan StaalC1011012016:240:0802:29050% 18
Josh MorrisseyD000-1233326:413:0121:2000% 0
Lawson CrouseLW1011048220:162:4120:00033% 3
Pierre-Edouard BellemareLW000000002:050:0002:0500% 0
Sean KuralyC000001002:320:0002:05067% 3
Sebastian AhoC0110009222:032:5310:00061% 23
Steven StamkosC0000042124:042:4500:00055% 33
Canucks
Player Name POS G A P +/- PIM HIT SHT SB MP PP MP PP SHT PK MP PK SHT FO% FOT
Boone JennerC011-1021018:222:3202:57056% 25
Bowen ByramD0000020223:112:0102:3200% 0
Brayden PointC000-1013022:472:0210:40035% 31
Cody GlassC000000108:410:0004:02033% 3
Conor GarlandRW000-1001016:360:0000:00050% 2
Evan RodriguesC000000204:390:0000:0000% 0
J.J. MoserD000-2011014:252:3300:2300% 0
Jacob TroubaD0000270124:160:0002:2600% 0
Jason ZuckerLW101-1012013:192:3210:16033% 3
Jordan SpenceD0000220018:350:0000:0500% 0
Kevin HayesC1010002011:570:0001:261100% 2
Martin NecasC0111012023:562:0201:2600% 2
Mathew BarzalC0000010220:452:3200:0000% 2
Michael EyssimontC000000114:390:0000:0000% 0
Mitch MarnerC/LW/RW000-2204121:202:0200:44025% 4
Morgan RiellyD0110011527:022:3312:1500% 0
Ryan Nugent-HopkinsC000-1010018:442:0100:00056% 18
Samuel GirardD011-1010215:420:0004:1300% 0



Play-by-Play

1st period


0:01 of 1st period - Sebastian Aho wins face-off versus Brayden Point in neutral zone.
0:03 of 1st period - Off-side.
0:04 of 1st period - Steven Stamkos wins face-off versus Ryan Nugent-Hopkins in neutral zone.
0:23 of 1st period - Shot by Steven Stamkos.
0:23 of 1st period - Shot Misses the Net.
0:27 of 1st period - Shot by Lawson Crouse.
0:27 of 1st period - Shot Misses the Net.
0:56 of 1st period - Minor Penalty to Alex Ovechkin for Roughing.
0:57 of 1st period - Jordan Staal wins face-off versus Mathew Barzal in Flames zone.
1:03 of 1st period - Icing by Boone Jenner.
1:04 of 1st period - Boone Jenner wins face-off versus Sean Kuraly in Canucks zone.
1:25 of 1st period - Shot by Morgan Rielly.
1:25 of 1st period - Shot Blocked by Adam Larsson.
2:18 of 1st period - Erik Gudbranson is hit by Martin Necas and loses puck.
2:25 of 1st period - Shot by Brayden Point.
2:25 of 1st period - Stopped by Vitek Vanecek without a rebound.
2:26 of 1st period - Jordan Staal wins face-off versus Brayden Point in Flames zone.
2:51 of 1st period - Martin Necas is hit by Adam Larsson and loses puck.
3:48 of 1st period - Samuel Girard is hit by Alex Ovechkin and loses puck.
4:25 of 1st period - Shot by Jordan Kyrou.
4:25 of 1st period - Shot Misses the Net.
5:08 of 1st period - Shot by Steven Stamkos.
5:08 of 1st period - Shot Misses the Net.
5:10 of 1st period - Shot by Erik Gudbranson.
5:10 of 1st period - Shot Misses the Net.
5:12 of 1st period - Shot by Lawson Crouse.
5:12 of 1st period - Stopped by Jeremy Swayman without a rebound.
5:13 of 1st period - Ryan Nugent-Hopkins wins face-off versus Steven Stamkos in Canucks zone.
5:13 of 1st period - Ryan Nugent-Hopkins is hit by Lawson Crouse.
5:36 of 1st period - Icing by Jacob Trouba.
5:37 of 1st period - Sebastian Aho wins face-off versus Ryan Nugent-Hopkins in Canucks zone.
5:57 of 1st period - Shot by Mitch Marner.
5:57 of 1st period - Shot Misses the Net.
5:59 of 1st period - Shot by Mitch Marner.
5:59 of 1st period - Shot Misses the Net.
6:10 of 1st period - Ryan Nugent-Hopkins is hit by Adam Larsson and loses puck.
6:43 of 1st period - Shot by Brayden Point.
6:43 of 1st period - Shot Blocked by Sebastian Aho.
6:53 of 1st period - John Tavares is hit by Mathew Barzal and loses puck.
6:57 of 1st period - Adam Larsson is hit by Brayden Point and loses puck.
7:39 of 1st period - Shot by Jordan Staal.
7:39 of 1st period - Goal by Jordan Staal - Flames : 1 - Canucks : 0.
7:40 of 1st period - Cody Glass wins face-off versus Steven Stamkos in neutral zone.
7:55 of 1st period - Cody Glass is hit by Lawson Crouse and loses puck.
9:32 of 1st period - Shot by John Tavares.
9:32 of 1st period - Stopped by Jeremy Swayman without a rebound.
9:33 of 1st period - Brayden Point wins face-off versus Steven Stamkos in Canucks zone.
9:40 of 1st period - Shot by Steven Stamkos.
9:40 of 1st period - Shot Blocked by Mathew Barzal.
9:42 of 1st period - Shot by Jakub Vrana.
9:42 of 1st period - Stopped by Jeremy Swayman without a rebound.
9:43 of 1st period - Brayden Point wins face-off versus Sebastian Aho in Canucks zone.
9:48 of 1st period - Shot by Jacob Trouba.
9:48 of 1st period - Shot Misses the Net.
10:14 of 1st period - Shot by Sebastian Aho.
10:14 of 1st period - Stopped by Jeremy Swayman without a rebound.
10:15 of 1st period - Steven Stamkos wins face-off versus Boone Jenner in Canucks zone.
10:21 of 1st period - Icing by Bowen Byram.
10:22 of 1st period - Steven Stamkos wins face-off versus Boone Jenner in Canucks zone.
10:59 of 1st period - Shot by Jason Zucker.
10:59 of 1st period - Stopped by Vitek Vanecek without a rebound.
11:00 of 1st period - Brayden Point wins face-off versus Jordan Staal in Flames zone.
11:22 of 1st period - Brayden Point is hit by Josh Morrissey and loses puck.
11:25 of 1st period - Shot by Mathew Barzal.
11:25 of 1st period - Shot Misses the Net.
11:34 of 1st period - Minor Penalty to Josh Morrissey for Unsportsmanlike conduct.
11:35 of 1st period - Jordan Staal wins face-off versus Boone Jenner in Flames zone.
12:14 of 1st period - Bowen Byram is hit by Sean Kuraly.
12:23 of 1st period - Off-side.
12:24 of 1st period - Brayden Point wins face-off versus Jordan Staal in neutral zone.
12:39 of 1st period - Shot by Martin Necas.
12:39 of 1st period - Shot Misses the Net.
12:41 of 1st period - Shot by Morgan Rielly.
12:41 of 1st period - Stopped by Vitek Vanecek without a rebound.
12:42 of 1st period - Sean Kuraly wins face-off versus Brayden Point in Flames zone.
14:05 of 1st period - Shot by Evan Rodrigues.
14:05 of 1st period - Stopped by Vitek Vanecek without a rebound.
14:06 of 1st period - Sebastian Aho wins face-off versus Boone Jenner in Flames zone.
14:06 of 1st period - Sebastian Aho is hit by Boone Jenner.
14:13 of 1st period - Kevin Hayes is hit by John Tavares and loses puck.
14:19 of 1st period - Icing by Morgan Rielly.
14:20 of 1st period - Jordan Staal wins face-off versus Boone Jenner in Canucks zone.
14:20 of 1st period - Jordan Staal is hit by Jacob Trouba.
14:26 of 1st period - Shot by Jordan Kyrou.
14:26 of 1st period - Stopped by Jeremy Swayman without a rebound.
14:27 of 1st period - Sebastian Aho wins face-off versus Brayden Point in Canucks zone.
14:28 of 1st period - Shot by Josh Morrissey.
14:28 of 1st period - Shot Blocked by Samuel Girard.
14:30 of 1st period - Shot by Sebastian Aho.
14:30 of 1st period - Shot Misses the Net.
14:32 of 1st period - Shot by Jared Spurgeon.
14:32 of 1st period - Stopped by Jeremy Swayman without a rebound.
14:33 of 1st period - Sebastian Aho wins face-off versus Brayden Point in Canucks zone.
14:52 of 1st period - Shot by Sebastian Aho.
14:52 of 1st period - Shot Blocked by Bowen Byram.
14:54 of 1st period - Shot by Sebastian Aho.
14:54 of 1st period - Shot Misses the Net.
15:08 of 1st period - Shot by Sebastian Aho.
15:08 of 1st period - Shot Blocked by Bowen Byram.
15:10 of 1st period - Shot by Erik Gudbranson.
15:10 of 1st period - Stopped by Jeremy Swayman without a rebound.
15:11 of 1st period - Steven Stamkos wins face-off versus Ryan Nugent-Hopkins in Canucks zone.
15:42 of 1st period - Shot by Mitch Marner.
15:42 of 1st period - Deflect By Ryan Nugent-Hopkins.
15:42 of 1st period - Shot Blocked by Josh Morrissey.
15:50 of 1st period - Ryan Nugent-Hopkins is hit by Lawson Crouse and loses puck.
17:58 of 1st period - Boone Jenner is hit by Jordan Staal and loses puck.
18:14 of 1st period - Jordan Kyrou is hit by Jason Zucker and loses puck.
18:53 of 1st period - Shot by Cody Glass.
18:53 of 1st period - Deflect By Evan Rodrigues.
18:53 of 1st period - Stopped by Vitek Vanecek without a rebound.
18:54 of 1st period - Steven Stamkos wins face-off versus Brayden Point in Flames zone.
18:56 of 1st period - Icing by Dmitry Orlov.
18:57 of 1st period - Brayden Point wins face-off versus Steven Stamkos in Flames zone.
19:14 of 1st period - Shot by Brayden Point.
19:14 of 1st period - Shot Misses the Net.
19:53 of 1st period - Icing by Brayden Point.
19:54 of 1st period - Brayden Point wins face-off versus Sebastian Aho in Canucks zone.
19:59 of 1st period - Shot by Sebastian Aho.
19:59 of 1st period - Deflect By Alex Ovechkin.
19:59 of 1st period - Stopped by Jeremy Swayman without a rebound.
Goals for this period are 1 for Flames vs 0 for Canucks.
Shots for this period are 9 for Flames vs 5 for Canucks.

2nd period


0:01 of 2nd period - Ryan Nugent-Hopkins wins face-off versus Alex Ovechkin in neutral zone.
0:20 of 2nd period - Shot by Mitch Marner.
0:20 of 2nd period - Shot Blocked by Josh Morrissey.
0:22 of 2nd period - Shot by Ryan Nugent-Hopkins.
0:22 of 2nd period - Deflect By Mitch Marner.
0:22 of 2nd period - Stopped by Vitek Vanecek without a rebound.
0:23 of 2nd period - Brayden Point wins face-off versus Lawson Crouse in Flames zone.
0:34 of 2nd period - Shot by Alex DeBrincat.
0:34 of 2nd period - Stopped by Jeremy Swayman without a rebound.
0:35 of 2nd period - Ryan Nugent-Hopkins wins face-off versus Sebastian Aho in Canucks zone.
0:40 of 2nd period - Shot by Mitch Marner.
0:40 of 2nd period - Stopped by Vitek Vanecek without a rebound.
0:41 of 2nd period - Ryan Nugent-Hopkins wins face-off versus John Tavares in Flames zone.
1:19 of 2nd period - Shot by Sebastian Aho.
1:19 of 2nd period - Stopped by Jeremy Swayman without a rebound.
1:20 of 2nd period - Steven Stamkos wins face-off versus Brayden Point in Canucks zone.
1:24 of 2nd period - Icing by Jacob Trouba.
1:25 of 2nd period - Steven Stamkos wins face-off versus Brayden Point in Canucks zone.
1:25 of 2nd period - Lawson Crouse is hit by Jacob Trouba.
1:45 of 2nd period - Shot by Lawson Crouse.
1:45 of 2nd period - Deflect By Alex DeBrincat.
1:45 of 2nd period - Stopped by Jeremy Swayman without a rebound.
1:46 of 2nd period - Ryan Nugent-Hopkins wins face-off versus Sebastian Aho in Canucks zone.
1:50 of 2nd period - Samuel Girard is hit by Josh Morrissey.
2:09 of 2nd period - Mitch Marner is hit by Josh Morrissey.
2:49 of 2nd period - Shot by Martin Necas.
2:49 of 2nd period - Stopped by Vitek Vanecek without a rebound.
2:50 of 2nd period - Boone Jenner wins face-off versus Steven Stamkos in Flames zone.
2:53 of 2nd period - Shot by Kevin Hayes.
2:53 of 2nd period - Shot Blocked by Erik Gudbranson.
3:01 of 2nd period - Jordan Spence is hit by Steven Stamkos and loses puck.
3:23 of 2nd period - Off-side.
3:24 of 2nd period - Jordan Staal wins face-off versus Brayden Point in neutral zone.
3:40 of 2nd period - Jordan Eberle is hit by Morgan Rielly and loses puck.
3:42 of 2nd period - Minor Penalty to Jacob Trouba for Holding.
3:43 of 2nd period - Boone Jenner wins face-off versus Steven Stamkos in Canucks zone.
4:18 of 2nd period - Shot by Josh Morrissey.
4:18 of 2nd period - Stopped by Jeremy Swayman with a rebound.
4:20 of 2nd period - Shot by Sebastian Aho.
4:20 of 2nd period - Stopped by Jeremy Swayman without a rebound.
4:21 of 2nd period - Kevin Hayes wins face-off versus John Tavares in Canucks zone.
4:27 of 2nd period - Icing by Alex DeBrincat.
4:28 of 2nd period - John Tavares wins face-off versus Boone Jenner in Flames zone.
4:39 of 2nd period - Shot by John Tavares.
4:39 of 2nd period - Shot Misses the Net.
5:48 of 2nd period - Shot by Jordan Eberle.
5:48 of 2nd period - Stopped by Jeremy Swayman without a rebound.
5:49 of 2nd period - Conor Garland wins face-off versus Jordan Staal in Canucks zone.
6:21 of 2nd period - Jordan Kyrou is hit by Jacob Trouba and loses puck.
6:37 of 2nd period - Icing by Mitch Marner.
6:38 of 2nd period - Mitch Marner wins face-off versus Sebastian Aho in Canucks zone.
6:51 of 2nd period - Sebastian Aho is hit by Jacob Trouba and loses puck.
7:17 of 2nd period - Shot by John Tavares.
7:17 of 2nd period - Deflect By Alex Ovechkin.
7:17 of 2nd period - Shot Misses the Net.
7:38 of 2nd period - Icing by Adam Larsson.
7:39 of 2nd period - Boone Jenner wins face-off versus Lawson Crouse in Flames zone.
7:45 of 2nd period - Icing by Lawson Crouse.
7:46 of 2nd period - Boone Jenner wins face-off versus Steven Stamkos in Flames zone.
8:08 of 2nd period - Lawson Crouse is hit by J.J. Moser and loses puck.
8:11 of 2nd period - Shot by Adam Larsson.
8:11 of 2nd period - Stopped by Jeremy Swayman without a rebound.
8:12 of 2nd period - Brayden Point wins face-off versus Sebastian Aho in Canucks zone.
8:23 of 2nd period - Icing by Sebastian Aho.
8:24 of 2nd period - Sebastian Aho wins face-off versus Ryan Nugent-Hopkins in Flames zone.
8:38 of 2nd period - Icing by Josh Morrissey.
8:39 of 2nd period - Sebastian Aho wins face-off versus Brayden Point in Flames zone.
8:48 of 2nd period - Shot by Alex Ovechkin.
8:48 of 2nd period - Stopped by Jeremy Swayman without a rebound.
8:49 of 2nd period - Lawson Crouse wins face-off versus Martin Necas in Canucks zone.
9:04 of 2nd period - Shot by Steven Stamkos.
9:04 of 2nd period - Shot Blocked by Mathew Barzal.
9:06 of 2nd period - Shot by Lawson Crouse.
9:06 of 2nd period - Shot Misses the Net.
9:08 of 2nd period - Shot by Esa Lindell.
9:08 of 2nd period - Stopped by Jeremy Swayman without a rebound.
9:09 of 2nd period - Ryan Nugent-Hopkins wins face-off versus Sebastian Aho in Canucks zone.
9:23 of 2nd period - Shot by Sebastian Aho.
9:23 of 2nd period - Stopped by Jeremy Swayman without a rebound.
9:24 of 2nd period - Brayden Point wins face-off versus Steven Stamkos in Canucks zone.
9:39 of 2nd period - Shot by Lawson Crouse.
9:39 of 2nd period - Shot Hit the Post.
9:45 of 2nd period - Shot by Mathew Barzal.
9:45 of 2nd period - Shot Blocked by Esa Lindell.
9:47 of 2nd period - Shot by Mathew Barzal.
9:47 of 2nd period - Shot Misses the Net.
9:49 of 2nd period - Shot by Martin Necas.
9:49 of 2nd period - Shot Blocked by Lawson Crouse.
9:51 of 2nd period - Shot by Jacob Trouba.
9:51 of 2nd period - Shot Blocked by Lawson Crouse.
10:15 of 2nd period - Minor Penalty to Mitch Marner for Roughing.
10:16 of 2nd period - Boone Jenner wins face-off versus Steven Stamkos in Canucks zone.
10:16 of 2nd period - Boone Jenner is hit by Steven Stamkos.
10:32 of 2nd period - Shot by Steven Stamkos.
10:32 of 2nd period - Shot Blocked by Morgan Rielly.
10:44 of 2nd period - Shot by Steven Stamkos.
10:44 of 2nd period - Shot Blocked by Samuel Girard.
11:12 of 2nd period - Shot by Martin Necas.
11:12 of 2nd period - Shot Blocked by Sebastian Aho.
11:14 of 2nd period - Shot by Kevin Hayes.
11:14 of 2nd period - Goal by Kevin Hayes - Flames : 1 - Canucks : 1.
11:15 of 2nd period - John Tavares wins face-off versus Boone Jenner in neutral zone.
11:18 of 2nd period - Shot by Dmitry Orlov.
11:18 of 2nd period - Deflect By Lawson Crouse.
11:18 of 2nd period - Shot Blocked by Morgan Rielly.
11:48 of 2nd period - Shot by Adam Larsson.
11:48 of 2nd period - Shot Blocked by Morgan Rielly.
12:52 of 2nd period - Shot by Samuel Girard.
12:52 of 2nd period - Shot Misses the Net.
13:11 of 2nd period - Esa Lindell is hit by Jordan Spence and loses puck.
13:26 of 2nd period - Shot by Martin Necas.
13:26 of 2nd period - Shot Misses the Net.
13:36 of 2nd period - Shot by Sebastian Aho.
13:36 of 2nd period - Stopped by Jeremy Swayman without a rebound.
13:37 of 2nd period - Steven Stamkos wins face-off versus Cody Glass in Canucks zone.
13:38 of 2nd period - Shot by Alex DeBrincat.
13:38 of 2nd period - Deflect By Steven Stamkos.
13:38 of 2nd period - Shot Blocked by Michael Eyssimont.
15:26 of 2nd period - Jordan Kyrou is hit by Bowen Byram and loses puck.
15:29 of 2nd period - Shot by Jordan Eberle.
15:29 of 2nd period - Stopped by Jeremy Swayman without a rebound.
15:30 of 2nd period - Steven Stamkos wins face-off versus Martin Necas in Canucks zone.
15:55 of 2nd period - Shot by Brayden Point.
15:55 of 2nd period - Shot Blocked by Jared Spurgeon.
15:57 of 2nd period - Shot by Martin Necas.
15:57 of 2nd period - Shot Blocked by Jared Spurgeon.
16:01 of 2nd period - Shot by Mathew Barzal.
16:01 of 2nd period - Shot Misses the Net.
16:03 of 2nd period - Shot by J.J. Moser.
16:03 of 2nd period - Shot Misses the Net.
16:05 of 2nd period - Shot by Brayden Point.
16:05 of 2nd period - Shot Misses the Net.
16:15 of 2nd period - Shot by Brayden Point.
16:15 of 2nd period - Shot Misses the Net.
16:44 of 2nd period - Shot by Ryan Nugent-Hopkins.
16:44 of 2nd period - Shot Misses the Net.
16:46 of 2nd period - Shot by Conor Garland.
16:46 of 2nd period - Stopped by Vitek Vanecek without a rebound.
16:47 of 2nd period - Boone Jenner wins face-off versus Sebastian Aho in Flames zone.
17:10 of 2nd period - Shot by Alex Ovechkin.
17:10 of 2nd period - Stopped by Jeremy Swayman without a rebound.
17:11 of 2nd period - Jordan Staal wins face-off versus Conor Garland in Canucks zone.
17:52 of 2nd period - Shot by Jordan Eberle.
17:52 of 2nd period - Deflect By Jordan Kyrou.
17:52 of 2nd period - Shot Misses the Net.
18:44 of 2nd period - Shot by Sebastian Aho.
18:44 of 2nd period - Shot Misses the Net.
19:17 of 2nd period - Bowen Byram is hit by Lawson Crouse.
19:44 of 2nd period - Icing by J.J. Moser.
19:45 of 2nd period - Jordan Staal wins face-off versus Jason Zucker in Canucks zone.
19:45 of 2nd period - Dmitry Orlov is hit by Samuel Girard and loses puck.
Goals for this period are 0 for Flames vs 1 for Canucks.
Shots for this period are 13 for Flames vs 5 for Canucks.

3rd period


0:01 of 3rd period - Sebastian Aho wins face-off versus Brayden Point in neutral zone.
0:32 of 3rd period - Shot by Sebastian Aho.
0:32 of 3rd period - Stopped by Jeremy Swayman without a rebound.
0:33 of 3rd period - Ryan Nugent-Hopkins wins face-off versus Steven Stamkos in Canucks zone.
0:56 of 3rd period - Morgan Rielly is hit by Steven Stamkos and loses puck.
1:13 of 3rd period - Shot by Conor Garland.
1:13 of 3rd period - Shot Misses the Net.
1:16 of 3rd period - Icing by Esa Lindell.
1:17 of 3rd period - Alex DeBrincat wins face-off versus Brayden Point in Flames zone.
1:26 of 3rd period - Shot by Brayden Point.
1:26 of 3rd period - Shot Misses the Net.
2:01 of 3rd period - Icing by Jordan Spence.
2:02 of 3rd period - Sebastian Aho wins face-off versus Brayden Point in Canucks zone.
3:29 of 3rd period - Icing by Erik Gudbranson.
3:30 of 3rd period - Jordan Staal wins face-off versus Cody Glass in Flames zone.
3:49 of 3rd period - Shot by Michael Eyssimont.
3:49 of 3rd period - Stopped by Vitek Vanecek without a rebound.
3:50 of 3rd period - Steven Stamkos wins face-off versus Brayden Point in Flames zone.
4:16 of 3rd period - Shot by Steven Stamkos.
4:16 of 3rd period - Stopped by Jeremy Swayman without a rebound.
4:17 of 3rd period - Jordan Kyrou wins face-off versus Ryan Nugent-Hopkins in Canucks zone.
4:22 of 3rd period - Shot by Jordan Staal.
4:22 of 3rd period - Stopped by Jeremy Swayman without a rebound.
4:23 of 3rd period - Ryan Nugent-Hopkins wins face-off versus Jordan Staal in Canucks zone.
5:38 of 3rd period - Shot by Brayden Point.
5:38 of 3rd period - Shot Blocked by Jared Spurgeon.
5:40 of 3rd period - Shot by Mathew Barzal.
5:40 of 3rd period - Shot Misses the Net.
5:44 of 3rd period - Shot by Brayden Point.
5:44 of 3rd period - Stopped by Vitek Vanecek without a rebound.
5:45 of 3rd period - Sebastian Aho wins face-off versus Boone Jenner in Flames zone.
5:51 of 3rd period - Off-side.
5:52 of 3rd period - Steven Stamkos wins face-off versus Brayden Point in neutral zone.
7:14 of 3rd period - Shot by Alex Ovechkin.
7:14 of 3rd period - Shot Misses the Net.
7:18 of 3rd period - Shot by Sebastian Aho.
7:18 of 3rd period - Stopped by Jeremy Swayman without a rebound.
7:19 of 3rd period - Ryan Nugent-Hopkins wins face-off versus Jordan Staal in Canucks zone.
7:19 of 3rd period - Conor Garland is hit by Jordan Eberle.
7:34 of 3rd period - Minor Penalty to Dmitry Orlov for Hooking.
7:35 of 3rd period - Jason Zucker wins face-off versus Jordan Staal in Flames zone.
8:10 of 3rd period - Shot by Boone Jenner.
8:10 of 3rd period - Deflect By Jason Zucker.
8:10 of 3rd period - Goal by Jason Zucker - Flames : 1 - Canucks : 2.
8:11 of 3rd period - Sebastian Aho wins face-off versus Mitch Marner in neutral zone.
8:11 of 3rd period - Josh Morrissey is hit by Ryan Nugent-Hopkins and loses puck.
9:39 of 3rd period - J.J. Moser is hit by Steven Stamkos and loses puck.
9:46 of 3rd period - Shot by Cody Glass.
9:46 of 3rd period - Stopped by Vitek Vanecek without a rebound.
9:47 of 3rd period - Boone Jenner wins face-off versus Jordan Staal in Flames zone.
10:05 of 3rd period - Off-side.
10:06 of 3rd period - Steven Stamkos wins face-off versus Brayden Point in neutral zone.
10:19 of 3rd period - Shot by Lawson Crouse.
10:19 of 3rd period - Stopped by Jeremy Swayman without a rebound.
10:20 of 3rd period - Sebastian Aho wins face-off versus Jason Zucker in Canucks zone.
11:29 of 3rd period - Shot by Martin Necas.
11:29 of 3rd period - Stopped by Vitek Vanecek with a rebound.
11:31 of 3rd period - Shot by J.J. Moser.
11:31 of 3rd period - Stopped by Vitek Vanecek without a rebound.
11:32 of 3rd period - Steven Stamkos wins face-off versus Ryan Nugent-Hopkins in Flames zone.
11:39 of 3rd period - Shot by Steven Stamkos.
11:39 of 3rd period - Deflect By Lawson Crouse.
11:39 of 3rd period - Stopped by Jeremy Swayman without a rebound.
11:40 of 3rd period - Alex DeBrincat wins face-off versus Brayden Point in Canucks zone.
11:41 of 3rd period - Shot by Steven Stamkos.
11:41 of 3rd period - Deflect By Alex DeBrincat.
11:41 of 3rd period - Stopped by Jeremy Swayman with a rebound.
11:43 of 3rd period - Shot by Steven Stamkos.
11:43 of 3rd period - Shot Misses the Net.
11:45 of 3rd period - Shot by Lawson Crouse.
11:45 of 3rd period - Stopped by Jeremy Swayman with a rebound.
12:30 of 3rd period - Off-side.
12:31 of 3rd period - Jordan Kyrou wins face-off versus Ryan Nugent-Hopkins in neutral zone.
13:29 of 3rd period - Sebastian Aho is hit by Jacob Trouba and loses puck.
13:44 of 3rd period - Shot by Sebastian Aho.
13:44 of 3rd period - Stopped by Jeremy Swayman without a rebound.
13:45 of 3rd period - Brayden Point wins face-off versus Steven Stamkos in Canucks zone.
13:54 of 3rd period - Shot by Brayden Point.
13:54 of 3rd period - Stopped by Vitek Vanecek without a rebound.
13:55 of 3rd period - Sebastian Aho wins face-off versus Boone Jenner in Flames zone.
14:06 of 3rd period - Shot by Kevin Hayes.
14:06 of 3rd period - Stopped by Vitek Vanecek without a rebound.
14:07 of 3rd period - Steven Stamkos wins face-off versus Brayden Point in Flames zone.
14:20 of 3rd period - Shot by Alex DeBrincat.
14:20 of 3rd period - Shot Misses the Net.
14:22 of 3rd period - Shot by Adam Larsson.
14:22 of 3rd period - Stopped by Jeremy Swayman without a rebound.
14:23 of 3rd period - Boone Jenner wins face-off versus Sebastian Aho in Canucks zone.
14:23 of 3rd period - Boone Jenner is hit by Alex Ovechkin.
15:16 of 3rd period - Off-side.
15:17 of 3rd period - Brayden Point wins face-off versus Steven Stamkos in neutral zone.
15:28 of 3rd period - Shot by Brayden Point.
15:28 of 3rd period - Shot Misses the Net.
15:39 of 3rd period - Icing by Jacob Trouba.
15:40 of 3rd period - Jordan Staal wins face-off versus Mathew Barzal in Canucks zone.
15:40 of 3rd period - Jordan Staal is hit by Jacob Trouba.
15:51 of 3rd period - Off-side.
15:52 of 3rd period - Ryan Nugent-Hopkins wins face-off versus Steven Stamkos in neutral zone.
16:06 of 3rd period - Shot by Mitch Marner.
16:06 of 3rd period - Stopped by Vitek Vanecek without a rebound.
16:07 of 3rd period - Sebastian Aho wins face-off versus Brayden Point in Flames zone.
16:22 of 3rd period - Sebastian Aho is hit by Jacob Trouba and loses puck.
16:35 of 3rd period - Shot by John Tavares.
16:35 of 3rd period - Stopped by Jeremy Swayman with a rebound.
16:37 of 3rd period - Shot by Alex Ovechkin.
16:37 of 3rd period - Shot Blocked by Morgan Rielly.
16:39 of 3rd period - Shot by Jared Spurgeon.
16:39 of 3rd period - Shot Misses the Net.
16:41 of 3rd period - Shot by Sebastian Aho.
16:41 of 3rd period - Deflect By Alex Ovechkin.
16:41 of 3rd period - Shot Blocked by Morgan Rielly.
16:43 of 3rd period - Shot by Sebastian Aho.
16:43 of 3rd period - Stopped by Jeremy Swayman without a rebound.
16:44 of 3rd period - Steven Stamkos wins face-off versus Ryan Nugent-Hopkins in Canucks zone.
16:47 of 3rd period - Shot by Lawson Crouse.
16:47 of 3rd period - Stopped by Jeremy Swayman with a rebound.
16:49 of 3rd period - Shot by Esa Lindell.
16:49 of 3rd period - Shot Misses the Net.
16:51 of 3rd period - Shot by Esa Lindell.
16:51 of 3rd period - Shot Misses the Net.
16:55 of 3rd period - Shot by Lawson Crouse.
16:55 of 3rd period - Goal by Lawson Crouse - Flames : 2 - Canucks : 2.
16:56 of 3rd period - Boone Jenner wins face-off versus Jordan Staal in neutral zone.
17:06 of 3rd period - Jordan Kyrou is hit by Boone Jenner and loses puck.
17:52 of 3rd period - Esa Lindell is hit by Jordan Spence and loses puck.
18:04 of 3rd period - Alex Ovechkin is hit by Bowen Byram and loses puck.
18:23 of 3rd period - Minor Penalty to Jordan Spence for Roughing.
18:24 of 3rd period - John Tavares wins face-off versus Mitch Marner in Canucks zone.
18:43 of 3rd period - Shot by Josh Morrissey.
18:43 of 3rd period - Stopped by Jeremy Swayman without a rebound.
18:44 of 3rd period - Steven Stamkos wins face-off versus Mitch Marner in Canucks zone.
19:23 of 3rd period - Shot by Dmitry Orlov.
19:23 of 3rd period - Shot Blocked by Jacob Trouba.
19:39 of 3rd period - Shot by Lawson Crouse.
19:39 of 3rd period - Stopped by Jeremy Swayman without a rebound.
19:40 of 3rd period - Kevin Hayes wins face-off versus John Tavares in Canucks zone.
19:53 of 3rd period - Shot by Lawson Crouse.
19:53 of 3rd period - Stopped by Jeremy Swayman without a rebound.
19:54 of 3rd period - Boone Jenner wins face-off versus John Tavares in Canucks zone.
Goals for this period are 1 for Flames vs 1 for Canucks.
Shots for this period are 17 for Flames vs 9 for Canucks.

Overtime #1


0:01 of 1st overtime period - Boone Jenner wins face-off versus Jordan Staal in neutral zone.
0:18 of 1st overtime period - Shot by Jordan Staal.
0:18 of 1st overtime period - Shot Misses the Net.
0:24 of 1st overtime period - Shot by Jordan Kyrou.
0:24 of 1st overtime period - Stopped by Jeremy Swayman without a rebound.
0:25 of 1st overtime period - Steven Stamkos wins face-off versus Boone Jenner in Canucks zone.
0:36 of 1st overtime period - Shot by Steven Stamkos.
0:36 of 1st overtime period - Stopped by Jeremy Swayman without a rebound.
0:37 of 1st overtime period - Boone Jenner wins face-off versus Steven Stamkos in Canucks zone.
2:25 of 1st overtime period - Off-side.
2:26 of 1st overtime period - Boone Jenner wins face-off versus Steven Stamkos in neutral zone.
2:29 of 1st overtime period - Shot by Martin Necas.
2:29 of 1st overtime period - Shot Blocked by Steven Stamkos.
2:31 of 1st overtime period - Shot by Boone Jenner.
2:31 of 1st overtime period - Shot Blocked by Josh Morrissey.
2:41 of 1st overtime period - Shot by Boone Jenner.
2:41 of 1st overtime period - Shot Misses the Net.
2:53 of 1st overtime period - Shot by Josh Morrissey.
2:53 of 1st overtime period - Stopped by Jeremy Swayman without a rebound.
2:54 of 1st overtime period - Sean Kuraly wins face-off versus Brayden Point in Canucks zone.
3:03 of 1st overtime period - Shot by Jordan Kyrou.
3:03 of 1st overtime period - Deflect By Sean Kuraly.
3:03 of 1st overtime period - Shot Misses the Net.
3:20 of 1st overtime period - Shot by Mitch Marner.
3:20 of 1st overtime period - Stopped by Vitek Vanecek without a rebound.
3:21 of 1st overtime period - Steven Stamkos wins face-off versus Boone Jenner in Flames zone.
3:39 of 1st overtime period - Shot by Boone Jenner.
3:39 of 1st overtime period - Stopped by Vitek Vanecek with a rebound.
3:41 of 1st overtime period - Shot by Martin Necas.
3:41 of 1st overtime period - Deflect By Boone Jenner.
3:41 of 1st overtime period - Shot Blocked by Alex Ovechkin.
4:30 of 1st overtime period - Shot by Sebastian Aho.
4:30 of 1st overtime period - Shot Blocked by Mitch Marner.
4:36 of 1st overtime period - Shot by Sebastian Aho.
4:36 of 1st overtime period - Shot Misses the Net.
4:38 of 1st overtime period - Shot by Sebastian Aho.
4:38 of 1st overtime period - Shot Misses the Net.
4:40 of 1st overtime period - Shot by Jared Spurgeon.
4:40 of 1st overtime period - Shot Misses the Net.
4:50 of 1st overtime period - Shot by Alex DeBrincat.
4:50 of 1st overtime period - Goal by Alex DeBrincat - Flames : 3 - Canucks : 2.
Goals for this period are 1 for Flames vs 0 for Canucks.
Shots for this period are 4 for Flames vs 2 for Canucks.